 Dungeon Sprint DCSS version 0.28-a0-1518-gbe868bca14 (webtiles) character file.

Game seed: 2014130255949842427

89378 mhtbhm the Minotaur Barricade (level 15, -22/158 HPs)
             Began as a Minotaur Fighter on Jan 16, 2022.
             Was the Champion of Qazlal.
             Killed from afar by Qaidgh the pandemonium lord (61 damage)
             ... with a great icy blast
             ... in the Dungeon (Sprint VII: "The Pits").
             The game lasted 00:17:33 (7352 turns).

mhtbhm the Minotaur Barricade (Minotaur Fighter)    Turns: 7352, Time: 00:17:34

Health: -22/158    AC: 46    Str: 29    XL:     15   Next: 49%
Magic:  38/38      EV: 11    Int:  2    God:    Qazlal [******]
Gold:   35         SH: 33    Dex: 13    Spells: 14/14 levels left

rFire   + + +      SeeInvis +   a - +5 war axe (flame)
rCold   + + +      Faith    .   c - +2 shield of Resistance {rF++ rC++ Will++}
rNeg    + . .      Spirit   .   b - +12 gold dragon scales
rPois   +          Reflect  +   (helmet restricted)
rElec   +          Harm     .   E - +2 cloak
rCorr   .          Rampage  +   s - +1 pair of gloves
Will    +++..      NoTele   +   n - +2 pair of boots {rampage}
Stlth   ..........              T - amulet "Qonuifos" {Reflect Fly Int-3 Slay+3 SH+5 SInv}
HPRegen 0.36/turn               Z - ring "Jevoxt" {rElec MP+9 Str+2}
MPRegen 0.26/turn               U - ring of Leaves {rN+ Dex+2}

@: frozen, protected from cold, flying, studying Hexes, repel missiles, very
slow
A: horns 2, retaliatory headbutt
a: Renounce Religion, Upheaval, Elemental Force, Disaster Area


You were in the Dungeon.
You worshipped Qazlal.
Qazlal was exalted by your worship.
You visited 1 branch You collected 35 gold pieces.

Inventory:

Hand Weapons
 a - a +5 war axe of flaming (weapon)
Armour
 b - +12 gold dragon scales (worn)
 c - the +2 shield of Resistance (worn) {rF++ rC++ Will++}
   (You took it off an orc in the Dungeon)

   rF:        It greatly protects you from fire.
   rC:        It greatly protects you from cold.
   Will:      It greatly increases your willpower.
 n - a +2 pair of boots of rampaging (worn)
 s - a +1 pair of gloves (worn)
 E - a +2 cloak (worn)
 G - a +1 pair of gloves of infusion
Jewellery
 Q - the ring of Summertime {Int+3 Slay+5}
   (You found it in the Dungeon)

   [ring of slaying]

   Int:       It affects your intelligence (+3).
   Slay:      It affects your accuracy & damage with ranged weapons and melee
   (+5).
 R - the amulet of Riuxka {Faith rCorr Str+8 Int-5 SInv}
   (You found it in the Dungeon)

   [amulet of faith]

   It allows you to gain divine favour quickly.
   Str:       It affects your strength (+8).
   Int:       It affects your intelligence (-5).
   SInv:      It lets you see invisible.
   rCorr:     It protects you from acid and corrosion.
 S - the amulet "Korghom" {Reflect Rampage rC+ Dex-3 SH+5}
   (You found it in the Dungeon)

   [amulet of reflection]

   It reflects blocked missile attacks.
   Dex:       It affects your dexterity (-3).
   rC:        It protects you from cold.
   SH:        It affects your SH (+5).
   Rampage:   It bestows one free step when moving towards enemies.
 T - the amulet "Qonuifos" (around neck) {Reflect Fly Int-3 Slay+3 SH+5 SInv}
   (You found it in the Dungeon)

   [amulet of reflection]

   It reflects blocked missile attacks.
   Int:       It affects your intelligence (-3).
   Slay:      It affects your accuracy & damage with ranged weapons and melee
   (+3).
   SInv:      It lets you see invisible.
   Fly:       It grants you flight.
   SH:        It affects your SH (+5).
 U - the ring of Leaves (right hand) {rN+ Dex+2}
   (You found it in the Dungeon)

   [ring of positive energy]

   Dex:       It affects your dexterity (+2).
   rN:        It protects you from negative energy.
 V - the amulet "Vazxoidie" {Reflect rN+ Int+4 SH+5}
   (You found it in the Dungeon)

   [amulet of reflection]

   It reflects blocked missile attacks.
   Int:       It affects your intelligence (+4).
   rN:        It protects you from negative energy.
   SH:        It affects your SH (+5).
 X - the amulet "Beaqea" {Regen+ Str+4}
   (You found it in the Dungeon)

   [amulet of regeneration]

   Str:       It affects your strength (+4).
   Regen:     It increases your rate of health regeneration.
 Y - the amulet "Lolaman" {Spirit -Tele rElec rC- Int+8}
   (You found it in the Dungeon)

   [amulet of guardian spirit]

   It causes incoming damage to be divided between your reserves of health and
   magic.
   Int:       It affects your intelligence (+8).
   rC:        It makes you vulnerable to cold.
   rElec:     It insulates you from electricity.
   -Tele:     It prevents most forms of teleportation.
 Z - the ring "Jevoxt" (left hand) {rElec MP+9 Str+2}
   (You found it in the Dungeon)

   [ring of magical power]

   Str:       It affects your strength (+2).
   rElec:     It insulates you from electricity.
   MP:        It affects your magic capacity (+9).
Wands
 i - a wand of digging (7)
Scrolls
 j - 2 scrolls of blinking
 l - 5 scrolls of amnesia
 m - a scroll of summoning
 u - 4 scrolls of enchant armour
 v - 2 scrolls of fear
 x - a scroll of fog
 A - a scroll of identify
 C - a scroll of holy word
Potions
 e - 7 potions of curing
 f - 6 potions of heal wounds
 g - 6 potions of haste
 h - 7 potions of magic
 k - a potion of invisibility
 p - a potion of resistance
 w - a potion of brilliance
 z - 5 potions of mutation
Miscellaneous
 r - a lightning rod (4/4)
 F - a phial of floods


   Skills:
 + Level 21.4 Fighting
 + Level 23.0 Axes
 + Level 20.6 Armour
 + Level 9.8 Dodging
 + Level 5.8 Stealth
 O Level 27 Shields
 * Level 23.6 Invocations


You had 14 spell levels left.
You didn't know any spells.
Your spell library contained the following spells:

 Spells                   Type           Power      Damage    Failure   Level
 Magic Dart               Conj           0%         1d3       100%        1
 Static Discharge         Conj/Air       0%         N/A       100%        2
 Gell's Gravitas          Tloc           0%         N/A       100%        3
 Ignite Poison            Fire/Tmut/Pois 0%         N/A       100%        3
 Lesser Beckoning         Tloc           0%         N/A       100%        3
 Spider Form              Tmut/Pois      0%         N/A       100%        3
 Stone Arrow              Conj/Erth      0%         3d7       100%        3
 Teleport Other           Tloc           0%         N/A       100%        3
 Vampiric Draining        Necr           0%         2d6       100%        3
 Animate Armour           Summ/Erth      0%         N/A       100%        4
 Animate Dead             Necr           0%         N/A       100%        4
 Dispel Undead            Necr           0%         3d6       100%        4
 Hailstorm                Conj/Ice       0%         3d3       100%        4
 Ice Form                 Ice/Tmut       0%         N/A       100%        4
 Sticky Flame             Conj/Fire      0%         2d3       100%        4
 Summon Ice Beast         Ice/Summ       0%         N/A       100%        4
 Summon Lightning Spire   Summ/Air       0%         N/A       100%        4
 Alistair's Intoxication  Tmut/Pois      0%         N/A       100%        5
 Blade Hands              Tmut           0%         N/A       100%        5
 Borgnjor's Vile Clutch   Necr/Erth      0%         N/A       100%        5
 Silence                  Hex/Air        0%         N/A       100%        5
 Summon Mana Viper        Hex/Summ       0%         N/A       100%        5
 Conjure Ball Lightning   Conj/Air       0%         3x3d6     100%        6
 Death Channel            Necr           0%         N/A       100%        6
 Dispersal                Tloc           0%         N/A       100%        6
 Eringya's Noxious Bog    Tmut/Pois      0%         N/A       100%        6
 Iron Shot                Conj/Erth      0%         9d1       100%        6
 Simulacrum               Ice/Necr       0%         N/A       100%        6
 Haunt                    Necr/Summ      0%         N/A       100%        7
 Monstrous Menagerie      Summ           0%         N/A       100%        7
 Storm Form               Tmut/Air       0%         N/A       100%        7
 Borgnjor's Revivificati  Necr           0%         N/A       100%        8
 Discord                  Hex            0%         N/A       100%        8
 Disjunction              Tloc           0%         N/A       100%        8
 Infestation              Necr           0%         N/A       100%        8
 Lehudib's Crystal Spear  Conj/Erth      0%         10d2      100%        8
 Maxwell's Capacitive Co  Air            0%         ∞         100%        8


Dungeon Overview and Level Annotations

Branches:
Dungeon (1/1)

Altars:
Ashenzari
Cheibriados
Dithmenos
Elyvilon
Fedhas
Gozag
Hepliaklqana
Kikubaaqudgha
Makhleb
Nemelex Xobeh
Okawaru
Qazlal
Ru
Sif Muna
Trog
Uskayaw
Vehumet
Wu Jian
Xom
Yredelemnul
Zin
The Shining One
Beogh
Jiyva
Lugonu


Innate Abilities, Weirdness & Mutations

You have a pair of horns on your head.
You reflexively headbutt those who attack you in melee.


Message History

Qaidgh is moderately wounded.
The ice encasing you melts away. Qaidgh gestures at you.
The bolt of dispelling energy hits you but does no damage.
You slash Qaidgh! You burn Qaidgh. You headbutt Qaidgh.
Qaidgh is moderately wounded.
Qaidgh is engulfed in freezing vapours.
Qaidgh hits you but does no damage.
Unknown command.
You feel much better.
Qaidgh is engulfed in freezing vapours.
Qaidgh hits you but does no damage.
You hit Qaidgh. You burn Qaidgh.
Qaidgh is heavily wounded.
Qaidgh gestures.
Qaidgh seems to speed up.
You slice Qaidgh!! You burn Qaidgh! Your headbutt misses Qaidgh.
Qaidgh is heavily wounded.
Qaidgh hits you!!
You feel protected from physical attacks.
You slash Qaidgh! You burn Qaidgh.
Qaidgh is severely wounded.
You block Qaidgh's attack. Qaidgh hits you but does no damage.
You slash Qaidgh! You burn Qaidgh.
Qaidgh is severely wounded.
Qaidgh is engulfed in freezing vapours.
You block Qaidgh's attack.
You completely miss Qaidgh.
Qaidgh is severely wounded.
Qaidgh gestures at you.
Qaidgh conjures a mighty blast of ice!
The great icy blast engulfs you!!! You partially resist.
Your resistance to physical damage fades away.
You feel protected from cold.
* * * LOW HITPOINT WARNING * * *
You are encased in ice.
Unknown command.
You feel much better.
Qaidgh is engulfed in freezing vapours.
Qaidgh gestures at you.
Qaidgh conjures a mighty blast of ice!
The great icy blast engulfs you!!! You partially resist.
You feel more protected from cold.
You die...

#+# ### ### ###
#.#
##.###.###.###&#
+...'..)'...##@##
#[.##'.##'.##○§☼#
#.###.###.##'○°○§#
## ## ## ####°##
#§# #°# #)# #.#
#'#


You could see Qaidgh (fast).

Vanquished Creatures
  A royal mummy (D)
  A pandemonium lord (D)
  Boris (D)
  Geryon (D)
  A hellephant (D)
  2 Ice Fiends (D)
  2 liches (D)
  Rupert (D)
  A Hell Sentinel (D)
  3 titans (D)
  2 deep elf blademasters (D)
  A death cob (D)
  A storm dragon (D)
  3 nagarajas (D)
  Louise (D)
  A deep elf sorcerer (D)
  A balrug (D)
  4 orc warlords (D)
  An emperor scorpion (D)
  3 ghost moths (D)
  2 draconian annihilators (D)
  A stone giant (D)
  2 deep elf demonologists (D)
  2 black draconians (D)
  A purple draconian (D)
  3 red draconians (D)
  3 deep elf death magi (D)
  Josephine (D)
  An ettin (D)
  3 deep elf high priests (D)
  4 vault guards (D)
  A naga warrior (D)
  An alligator snapping turtle (D)
  An anaconda (D)
  3 hydras (D)
  A centaur warrior (D)
  A merfolk avatar (D)
  A death knight (D)
  A death yak (D)
  A two-headed ogre (D)
  A soul eater (D)
  2 deep elf knights (D)
  2 fire crabs (D)
  A shadow wraith (D)
  A sea snake (D)
  A bog body (D)
  3 wizards (D)
  3 lindwurms (D)
  A phantasmal warrior (D)
  11 orc knights (D)
  A deep elf pyromancer (D)
  2 orc sorcerers (D)
  An ugly thing (D)
  An eye of devastation (D)
  A naga mage (D)
  4 black mambas (D)
  A molten gargoyle (D)
  A smoke demon (D)
  An orange demon (D)
  A cane toad (D)
  A demonic crawler (D)
  A yaktaur (D)
  2 efreet (D)
  An ice devil (D)
  A tarantella (D)
  A merfolk (D)
  Grinder (D)
  A troll (D)
  2 hornets (D)
  14 dream sheep (D)
  2 jumping spiders (D)
  5 wraiths (D)
  A spriggan (D)
  A shadow (D)
  7 vampire mosquitoes (D)
  3 redbacks (D)
  3 steam dragons (D)
  A neqoxec (D)
  Grum (D)
  2 wargs (D)
  An acid dragon (D)
  A water moccasin (D)
  An ice beast (D)
  2 necrophages (D)
  A swamp drake (D)
  A black bear (D)
  3 orc warriors (D)
  An ogre (D)
  2 wolves (D)
  2 bullfrogs (D)
  A gnoll sergeant (D)
  A scorpion (D)
  A small abomination (D)
  5 wights (D)
  A crimson imp (D)
  2 orc priests (D)
  5 orc wizards (D)
  An iguana (D)
  6 gnolls (D)
  2 adders (D)
  2 ufetubi (D)
  15 orcs (D)
  A bat skeleton (D)
  A bat zombie (D)
  An endoplasm (D)
  7 jackals (D)
  2 ball pythons (D)
  2 bats (D)
  2 frilled lizards (D)
230 creatures vanquished.

Vanquished Creatures (collateral kills)
  An emperor scorpion (D)
  2 naga warriors (D)
3 creatures vanquished.

Vanquished Creatures (others)
  An orc priest (D)
  A hound (D)
  2 orcs (D)
4 creatures vanquished.

Grand Total: 237 creatures vanquished

Notes
Turn   | Place    | Note
-------+----------+-------------------------------------------
     0 | D        | mhtbhm the Minotaur Fighter began the quest for the Orb.
     0 | D        | Reached XP level 1. HP: 19/19 MP: 0/0
    69 | D        | Found a bloodstained altar of Trog.
    69 | D        | Found a shimmering blue altar of Sif Muna.
    69 | D        | Found a viscous altar of Jiyva.
    69 | D        | Found a hazy altar of Hepliaklqana.
    69 | D        | Found an opulent altar of Gozag.
    70 | D        | Found a glowing golden altar of the Shining One.
    70 | D        | Found a glowing silver altar of Zin.
    70 | D        | Found a basalt altar of Yredelemnul.
    70 | D        | Found a shimmering altar of Xom.
    70 | D        | Found an ornate altar of the Wu Jian Council.
    70 | D        | Found a sacrificial altar of Ru.
    70 | D        | Found a stormy altar of Qazlal.
    70 | D        | Found an iron altar of Okawaru.
    70 | D        | Found a sparkling altar of Nemelex Xobeh.
    70 | D        | Found a burning altar of Makhleb.
    70 | D        | Found a blossoming altar of Fedhas.
    70 | D        | Found a white marble altar of Elyvilon.
    70 | D        | Found a shadowy altar of Dithmenos.
    70 | D        | Found a snail-covered altar of Cheibriados.
    72 | D        | Found a radiant altar of Vehumet.
    72 | D        | Found a corrupted altar of Lugonu.
    73 | D        | Found a hide-covered altar of Uskayaw.
    73 | D        | Found an ancient bone altar of Kikubaaqudgha.
    73 | D        | Found a broken altar of Ashenzari.
    77 | D        | Became a worshipper of Qazlal Stormbringer
   120 | D        | Reached skill level 4 in Shields
   120 | D        | Reached skill level 1 in Invocations
   156 | D        | Reached * piety under Qazlal
   157 | D        | Reached XP level 2. HP: 27/27 MP: 1/1
   163 | D        | Reached ** piety under Qazlal
   230 | D        | Reached skill level 1 in Dodging
   237 | D        | Reached *** piety under Qazlal
   238 | D        | Reached skill level 5 in Armour
   238 | D        | Reached skill level 5 in Shields
   298 | D        | Noticed an ogre
   310 | D        | Reached XP level 3. HP: 35/35 MP: 3/3
   313 | D        | Killed an ogre
   314 | D        | Reached skill level 5 in Axes
   314 | D        | Reached skill level 6 in Shields
   314 | D        | Reached XP level 4. HP: 22/44 MP: 3/5
   317 | D        | Reached **** piety under Qazlal
   318 | D        | Noticed Grinder
   326 | D        | Reached XP level 5. HP: 39/51 MP: 4/7
   338 | D        | Paralysed by Grinder for 6 turns
   345 | D        | Killed Grinder
   346 | D        | Reached skill level 8 in Shields
   346 | D        | Reached skill level 5 in Invocations
   346 | D        | Reached XP level 6. HP: 34/61 MP: 6/9
   476 | D        | Reached ***** piety under Qazlal
   488 | D        | Noticed a redback
   496 | D        | Killed a redback
   497 | D        | Reached skill level 9 in Shields
   497 | D        | Reached XP level 7. HP: 30/69 MP: 10/10
  1026 | D        | Noticed a smoke demon
  1039 | D        | Killed a smoke demon
  1040 | D        | Reached skill level 10 in Shields
  1259 | D        | Noticed a black mamba
  1259 | D        | Noticed a black mamba
  1266 | D        | Killed a black mamba
  1267 | D        | Reached skill level 10 in Axes
  1267 | D        | Reached skill level 11 in Shields
  1267 | D        | Reached XP level 8. HP: 40/78 MP: 11/13
  1268 | D        | Killed a black mamba
  1269 | D        | Reached skill level 12 in Shields
  1517 | D        | Noticed a demonic crawler
  1520 | D        | Noticed a death yak
  1523 | D        | Reached ****** piety under Qazlal
  1524 | D        | Noticed a jumping spider
  1524 | D        | Noticed an orc sorcerer
  1524 | D        | Noticed a merfolk
  1525 | D        | Killed an orc sorcerer
  1526 | D        | Reached skill level 10 in Fighting
  1526 | D        | Reached XP level 9. HP: 52/85 MP: 5/14
  1526 | D        | Killed a demonic crawler
  1527 | D        | Reached skill level 10 in Armour
  1527 | D        | Reached skill level 13 in Shields
  1529 | D        | Noticed a two-headed ogre
  1532 | D        | Killed a merfolk
  1533 | D        | Reached skill level 5 in Dodging
  1536 | D        | Killed a death yak
  1537 | D        | Reached skill level 1 in Stealth
  1537 | D        | Reached skill level 14 in Shields
  1537 | D        | Reached skill level 10 in Invocations
  1540 | D        | Killed a two-headed ogre
  1541 | D        | Reached XP level 10. HP: 16/96 MP: 4/16
  1880 | D        | Reached skill level 15 in Shields
  1882 | D        | Noticed an orange demon
  1899 | D        | Killed an orange demon
  1911 | D        | Reached skill level 16 in Shields
  2063 | D        | Noticed a sea snake
  2063 | D        | Noticed a molten gargoyle
  2063 | D        | Noticed a five-headed hydra
  2074 | D        | Killed a molten gargoyle
  2075 | D        | Reached skill level 15 in Axes
  2076 | D        | Killed a nine-headed hydra
  2079 | D        | Killed a sea snake
  2080 | D        | Reached XP level 11. HP: 56/105 MP: 17/19
  2321 | D        | Noticed Grum
  2321 | D        | Noticed a lindwurm
  2321 | D        | Noticed a death cob
  2324 | D        | Noticed an anaconda
  2333 | D        | Killed a death cob
  2334 | D        | Reached skill level 17 in Shields
  2335 | D        | Killed a lindwurm
  2340 | D        | Killed an anaconda
  2342 | D        | Killed Grum
  2571 | D        | Noticed a six-headed hydra
  2588 | D        | Killed a 13-headed hydra
  2789 | D        | Noticed a phantasmal warrior
  2805 | D        | Killed a phantasmal warrior
  3038 | D        | Killed a shadow wraith
  3152 | D        | Noticed a lindwurm
  3153 | D        | Noticed Josephine
  3160 | D        | Killed a lindwurm
  3161 | D        | Reached skill level 18 in Shields
  3166 | D        | Killed Josephine
  3167 | D        | Reached XP level 12. HP: 92/118 MP: 21/21
  3267 | D        | Reached skill level 15 in Armour
  3326 | D        | Noticed a storm dragon
  3326 | D        | Noticed a nagaraja
  3326 | D        | Noticed a merfolk avatar
  3327 | D        | Noticed a yellow draconian annihilator
  3329 | D        | Killed a nagaraja
  3329 | D        | Killed a merfolk avatar
  3330 | D        | Reached skill level 15 in Fighting
  3330 | D        | Reached skill level 19 in Shields
  3335 | D        | Killed a storm dragon
  3360 | D        | Killed a yellow draconian annihilator
  3782 | D        | Noticed Rupert
  3783 | D        | Noticed a stone giant
  3801 | D        | Killed Rupert
  3802 | D        | Reached skill level 15 in Invocations
  3805 | D        | Killed a stone giant
  3823 | D        | Killed a ghost moth
  3823 | D        | Noticed a deep elf blademaster
  3824 | D        | Reached skill level 20 in Shields
  3837 | D        | Reached XP level 13. HP: 60/128 MP: 8/24
  3837 | D        | Identified the +7 whip of Rouvoi {freeze, rElec rN+ Int+3
                  | Stlth+}
  3844 | D        | Killed a deep elf blademaster
  3849 | D        | Killed a ghost moth
  3853 | D        | Identified the amulet "Fedet" {Harm Regen+ Stlth+} (You
                  | took it off a yaktaur in the Dungeon)
  3880 | D        | Identified the +5 quarterstaff of Vufaoj {venom, rF+ Dex+4}
  3888 | D        | Reached skill level 21 in Shields
  3888 | D        | Noticed an emperor scorpion
  3915 | D        | Killed an emperor scorpion
  4285 | D        | Noticed an emperor scorpion
  4286 | D        | Noticed an orc warlord
  4286 | D        | Noticed an orc warlord
  4292 | D        | Killed an orc warlord
  4292 | D        | Killed an orc warlord
  4294 | D        | Killed an emperor scorpion
  4295 | D        | Reached skill level 22 in Shields
  4560 | D        | Reached XP level 14. HP: 75/141 MP: 26/26
  4566 | D        | Reached skill level 5 in Stealth
  5067 | D        | Noticed a Hell Sentinel
  5086 | D        | Killed a Hell Sentinel
  5418 | D        | Noticed Louise
  5438 | D        | Killed Louise
  5439 | D        | Reached skill level 23 in Shields
  5482 | D        | Noticed Quzead the pandemonium lord
  5504 | D        | Killed Quzead the pandemonium lord
  5593 | D        | Noticed a titan
  5605 | D        | Killed a titan
  5691 | D        | Noticed an Ice Fiend
  5712 | D        | Killed an Ice Fiend
  6012 | D        | Noticed a deep elf blademaster
  6028 | D        | Killed a deep elf blademaster
  6036 | D        | Noticed a royal mummy
  6036 | D        | Noticed Geryon
  6036 | D        | Noticed a balrug
  6037 | D        | Noticed an emperor scorpion
  6037 | D        | Killed a ghost moth
  6038 | D        | Reached skill level 24 in Shields
  6038 | D        | Killed a royal mummy
  6038 | D        | Lost intelligence.
  6042 | D        | Killed Geryon
  6050 | D        | Killed a balrug
  6288 | D        | Noticed a hellephant
  6310 | D        | Killed a hellephant
  6311 | D        | Reached skill level 25 in Shields
  6353 | D        | Noticed an Ice Fiend
  6358 | D        | Killed an Ice Fiend
  6466 | D        | Noticed a titan
  6471 | D        | Killed a titan
  6474 | D        | Noticed a titan
  6486 | D        | Killed a titan
  6489 | D        | Noticed Boris
  6528 | D        | Killed Boris
  6880 | D        | Noticed a nagaraja
  6884 | D        | Noticed a lich
  6889 | D        | Noticed a cacodemon
  6889 | D        | Noticed a lich
  6890 | D        | Killed a deep elf sorcerer
  6890 | D        | Killed a lich
  6890 | D        | Killed a lich
  6891 | D        | Reached skill level 26 in Shields
  6891 | D        | Reached XP level 15. HP: 131/156 MP: 19/29
  6893 | D        | Killed a nagaraja
  6906 | D        | Noticed an orc warlord
  6921 | D        | Noticed an orc warlord
  6929 | D        | Killed an orc warlord
  6930 | D        | Reached skill level 27 in Shields
  6952 | D        | Killed an orc warlord
  7014 | D        | Got the ring of Crawling {rF+ Will+ Int+4}
  7037 | D        | Noticed a nagaraja
  7045 | D        | Killed a nagaraja
  7066 | D        | Got the Almanac of Destructive Curses
  7082 | D        | Got Sif Muna's Catalogue of Venom
  7084 | D        | Got the Disquisition on Frigorific Evil Magic
  7091 | D        | Got Sif Muna's Guide on Dark Attacks
  7180 | D        | Got the ring "Doypsoh" {Wiz Int+3}
  7182 | D        | Got the ring "Qepriffa" {*Slow Int+7 Dex+6}
  7184 | D        | Got the ring "Laso" {Ice Contam rPois Str+6}
  7186 | D        | Got the ring of Fisaw {MP+9 Str-2 Int+6 Dex+4 Stlth+}
  7189 | D        | Got the ring of Odaaps {*Slow rElec rCorr Dex+6 Stlth+}
  7191 | D        | Got the ring "Wipiufic" {rF+ rC+ Int+3}
  7193 | D        | Got the ring of Truth {+Blink rC+}
  7195 | D        | Got the ring of Equilibrium {rC+ Int+2 Dex+3}
  7197 | D        | Got the ring "Aniul" {AC+6 Int+8}
  7199 | D        | Got the ring of Zuatih {rPois Int+7 Dex+3 Slay+2}
  7202 | D        | Got the ring "Fioluno" {rPois rC+ Str+2}
  7204 | D        | Got the ring "Luaceask" {Str+4 Dex+6}
  7206 | D        | Got the ring "Nuxkoiho" {Ice Str-5 Int+2 Dex+6 Slay+2}
  7218 | D        | Got the amulet "Qaptoer" {RegenMP rElec rC+ Will+ rCorr}
  7220 | D        | Got the amulet of Aghoibau {Faith rCorr}
  7222 | D        | Got the ring of Summertime {Int+3 Slay+5}
  7224 | D        | Got the amulet of Riuxka {Faith rCorr Str+8 Int-5 SInv}
  7227 | D        | Got the amulet "Korghom" {Reflect Rampage rC+ Dex-3 SH+5}
  7229 | D        | Got the amulet "Qonuifos" {Reflect Fly Int-3 Slay+3 SH+5
                  | SInv}
  7231 | D        | Got the ring of Leaves {rN+ Dex+2}
  7233 | D        | Got the amulet "Vazxoidie" {Reflect rN+ Int+4 SH+5}
  7235 | D        | Got the ring of Greed {rPois rC+}
  7237 | D        | Got the amulet "Beaqea" {Regen+ Str+4}
  7240 | D        | Got the amulet "Lolaman" {Spirit -Tele rElec rC- Int+8}
  7242 | D        | Got the ring "Jevoxt" {rElec MP+9 Str+2}
  7266 | D        | Got the ring of the Queen {Fly Will+ Int+2}
  7270 | D        | Got the ring "Ziryrgh" {Int+8 Dex+6}
  7340 | D        | Noticed Qaidgh the pandemonium lord
  7352 | D        | Killed from afar by Qaidgh the pandemonium lord

Illustrated notes

Levels and vault maps discovered:
D:        pitsprint [storerooms_1, entrance_room_1, metal_vault_4, armoury_1,
          mini_pit_1, grid_room_1, main_hall_1, silver_pit, the_coven_1,
          the_vestibule_1, steel_vault_5, golden_pit, hallway_of_sentries,
          crystal_vault_1, iron_vault_3, final_vault]

Skill      XL: |  1  2  3  4  5  6  7  8  9 10 11 12 13 14 15 |
---------------+----------------------------------------------+-----
Fighting       | 4 6 7 8 9 10 11 12 14 16 17 20 21 | 21.4
Armour         | 4 5 6 7 9 11 13 14 16 17 19 20 | 20.6
Shields        | 4 5 6 8 9 11 12 14 16 18 20 22 26 27 | 27.0
Invocations    | 1 2 3 4 5 6 8 9 10 12 13 16 19 22 23 | 23.6
Axes           | 3 5 7 8 10 11 13 15 17 18 19 22 23 | 23.0
Dodging        | 1 2 3 4 5 7 8 9 |  9.8
Stealth        | 1 3 4 5 |  5.8

Action                   |  1- 3 |  4- 6 |  7- 9 | 10-12 | 13-15 || total
-------------------------+-------+-------+-------+-------+-------++-------
Melee: Hand axe          |    36 |    33 |    23 |       |       ||    92
       War axe           |     5 |       |    25 |   195 |   390 ||   615
       Headbutt          |     3 |     9 |    16 |    46 |   102 ||   176
Invok: Disaster Area     |       |       |     1 |     5 |    10 ||    16
       Upheaval          |       |       |     1 |       |       ||     1
       Elemental Force   |       |       |       |     2 |     2 ||     4
  Use: Potion            |     1 |     1 |     2 |    12 |    15 ||    31
       Scroll            |       |       |       |       |     6 ||     6
 Stab: Distracted        |       |       |       |     1 |       ||     1
       Invisible         |       |       |       |       |     4 ||     4
Armor: Scale mail        |    16 |       |       |       |       ||    16
       Chain mail        |     3 |     6 |    28 |    96 |    42 ||   175
       Gold dragon scale |       |       |       |       |    74 ||    74
Dodge: Dodged            |    22 |     7 |    23 |    68 |    65 ||   185
       Repelled          |       |       |       |     1 |     6 ||     7
Block: Buckler           |    24 |    18 |    64 |   179 |    44 ||   329
       Kite shield       |       |       |       |       |   223 ||   223

Table legend: (Time is in decaauts)
 A = Elapsed time spent in this place.
 B = Non-inter-level travel time spent in this place.
 C = Inter-level travel time spent in this place.
 D = Time resting spent in this place.
 E = Time spent auto-exploring this place.
 F = Levels seen in this place.
 G = Mean time per level.
                   A        B        C        D        E       F      G
               +--------+--------+--------+--------+--------+-----+--------+
         Total |   7246 |   7246 |      0 |   4538 |    190 |   1 | 7246.0 |
       Dungeon |   7246 |   7246 |      0 |   4538 |    190 |   1 | 7246.0 |
               +--------+--------+--------+--------+--------+-----+--------+

Top non-repeatable levels by time:
       D: 7246 daAuts
